Map: Royal Blood LE

Players

Sunday

  • Race: Zerg Zerg
  • Spawn Location: 7:00

Marous - Winner!

  • Race: Protoss Protoss
  • League: Silver
  • Spawn Location: 1:00

VOD

Have the link to the VOD?

Description

I try to play without Roach/Ravager and give up after 20 something minutes

Time

  • Played on: May 18, 2023, 5:48 p.m.
  • Length: 27:44
Show
View Real Time Build Order
Export as new Build Order

Sunday Zerg 

Build Orders: Pool First 

Get SALT Encoding   

  12  0:01  Drone  
  13  0:13  Overlord  
  13  0:18  Drone  
  14  0:31  Drone x2  
  16  0:41  Drone  
  17  0:47  Drone  
  18  0:56  Extractor  
  17  1:00  Drone  
  17  1:03  Spawning Pool  
  17  1:08  Drone  
  18  1:19  Hatchery  
  18  1:24  Drone  
  18  1:30  Drone  
  19  1:45  Drone  
  20  1:50  Queen  
  22  2:09  Metabolic Boost  
  22  2:24  Overlord x2  
  22  2:25  Overlord  
  22  2:34  Queen  
  24  2:39  Zergling x4  
  26  2:47  Baneling Nest  
  26  2:48  Drone x2  
  27  3:08  Drone x3  
  27  3:09  Drone  
  31  3:14  Queen  
  31  3:16  Drone  
  34  3:30  Zergling x6  
  37  3:36  Drone  
  37  3:39  Lair  
  38  3:45  Drone  
  39  3:52  Extractor  
  39  3:53  Drone x2  
  39  3:54  Drone  
  41  3:56  Drone x3  
  44  4:06  Zergling x4  
  46  4:23  Zergling x6  
  49  4:27  Drone  
  48  4:39  Drone x2  
  48  4:42  Centrifugal Hooks  
  51  4:45  Drone  
  51  4:50  Hydralisk Den  
  51  4:51  Drone  
  51  4:52  Drone  
  52  4:54  Overlord x4  
  52  5:00  Overlord  
  52  5:02  Overlord  
  52  5:13  Drone x2  
  54  5:20  Drone x2  
  56  5:25  Hatchery  
  55  5:34  Drone x2  
  57  5:37  Baneling x4  
  57  5:38  Baneling x3  
  57  5:49  Drone x6  
  63  5:53  Evolution Chamber  
  63  5:57  Evolution Chamber, Drone x2  
  61  6:02  Extractor  
  54  6:33  Drone x8  
  62  6:49  Zerg Melee Weapons Level 1, Zerg Missile Weapons Level 1  
  62  6:51  Grooved Spines  
  62  6:57  Infestation Pit  
  62  7:00  Spire  
  60  7:06  Queen  
  64  7:11  Drone x9  
  64  7:14  Queen  
  73  7:41  Extractor  
  73  7:42  Queen  
  74  7:47  Extractor  
  74  7:51  Extractor  
  72  7:55  Hatchery  
  71  8:17  Drone  
  71  8:18  Drone  
  73  8:25  Drone x13  
  73  8:26  Drone x2  
  73  8:27  Drone  
  89  8:31  Overlord x4  
  89  8:37  Burrow  
  89  8:39  Pneumatized Carapace  
  89  8:42  Overseer x2  
  89  9:04  Zerg Melee Weapons Level 2, Zerg Missile Weapons Level 2  
  89  9:16  Queen  
  91  9:41  Overlord  
  91  9:42  Overlord x4  
  91  9:43  Overlord  
  91  9:47  Muscular Augments  
  91  9:53  Zerg Flyer Weapons Level 1  
  91  9:55  Pathogen Glands  
  91  10:10  Nydus Network  
  90  10:20  Zergling x2  
  90  10:21  Zergling x28  
  99  10:22  Zergling x10  
  99  10:23  Zergling x12  
  99  10:24  Zergling x2  
  117  10:38  Overlord  
  117  10:39  Overlord x4  
  117  10:42  Overseer x2  
  117  10:45  Hydralisk  
  117  10:46  Hydralisk x7  
  133  10:52  Neural Parasite  
  133  11:11  Hydralisk x8  
  133  11:12  Hydralisk x5  
  159  11:52  Hydralisk x15, Hatchery  
  188  12:01  Hatchery  
  187  12:29  Extractor  
  186  12:30  Extractor  
  185  12:42  Extractor  
  184  12:44  Extractor  
  184  12:46  Infestor x7  
  184  12:47  Infestor  
  199  13:01  Hive  
  199  13:05  Zerg Ground Armor Level 1  
  108  14:37  Hydralisk x14  
  108  14:38  Hydralisk x25  
  134  14:39  Hydralisk x7  
  134  14:45  Overlord x3  
  192  14:49  Overseer x2  
  192  14:50  Overseer  
  192  16:02  Zergling x14  
  192  16:03  Zergling x2  
  200  16:04  Infestor  
  200  16:05  Infestor x7  
  92  16:59  Corruptor  
  92  17:00  Corruptor x16  
  118  17:04  Hydralisk x10  
  118  17:05  Hydralisk x12  
  98  17:59  Nydus Canal  
  94  18:16  Overseer x2  
  94  18:17  Overseer x2  
  92  18:21  Hydralisk x9  
  92  18:22  Hydralisk x7  
  114  18:33  Zerg Melee Weapons Level 3  
  110  19:27  Hydralisk x6  
  110  19:28  Hydralisk x19  
  160  20:09  Hatchery  
  159  20:22  Ultralisk Cavern  
  159  20:23  Evolution Chamber  
  157  20:59  Drone x10  
  157  21:00  Drone x7  
  174  21:06  Overlord x4  
  172  21:40  Spire  
  171  22:20  Extractor  
  170  22:23  Extractor  
  169  22:33  Hydralisk x9  
  169  22:34  Hydralisk x6, Spawning Pool  
  198  22:53  Greater Spire  
  198  22:54  Overlord x3  
  198  22:55  Overlord  
  198  22:58  Overseer x2  
  198  22:59  Overseer x2  
  198  23:44  Hatchery  
  175  23:57  Extractor  
  174  24:08  Brood Lord x10  
  192  24:17  Zerg Flyer Armor Level 1  
  192  24:19  Zerg Ground Armor Level 2  
  192  24:20  Zerg Missile Weapons Level 3  
  178  25:11  Spawning Pool  
  178  25:14  Hydralisk x11  
  200  25:21  Drone  
  200  25:53  Hatchery  
  200  25:56  Chitinous Plating  
  199  26:02  Hatchery  
  126  26:28  Overseer x7  
  70  26:38  Hydralisk x3  
  46  26:44  Zergling x30  
  46  26:45  Zergling x40  
  72  27:18  Hydralisk  
  72  27:19  Hydralisk x3  
  64  27:23  Zergling x4  
  64  27:24  Zergling x10  
Show
View Real Time Build Order
Export as new Build Order

Marous Protoss - Winner!

Build Orders: Zealot Archon 

Get SALT Encoding   

  12  0:02  Probe (Chrono Boost)  
  13  0:11  Probe (Chrono Boost)  
  14  0:21  Pylon  
  14  0:24  Probe  
  15  0:35  Assimilator  
  15  0:39  Probe  
  16  0:48  Gateway  
  16  1:05  Forge  
  16  1:13  Probe (Chrono Boost)  
  17  1:23  Probe (Chrono Boost)  
  17  1:24  Pylon  
  18  1:28  Probe (Chrono Boost)  
  18  1:29  Assimilator  
  19  1:39  Probe  
  20  1:41  Zealot  
  22  1:50  Photon Cannon  
  22  1:52  Probe  
  23  2:04  Probe, Cybernetics Core  
  24  2:16  Probe  
  25  2:33  Nexus  
  25  2:41  Pylon  
  25  2:50  Probe (Chrono Boost)  
  26  2:58  Stalker  
  26  3:01  Probe (Chrono Boost), Warp Gate  
  29  3:05  Probe (Chrono Boost)  
  30  3:15  Twilight Council  
  30  3:17  Probe (Chrono Boost)  
  31  3:29  Probe (Chrono Boost)  
  31  3:32  Stargate  
  32  3:35  Probe (Chrono Boost)  
  33  3:46  Probe (Chrono Boost)  
  33  3:47  Probe (Chrono Boost)  
  35  3:54  Stalker  
  38  3:58  Probe (Chrono Boost)  
  38  3:59  Probe (Chrono Boost)  
  39  4:03  Probe (Chrono Boost)  
  39  4:05  Assimilator  
  39  4:07  Probe  
  39  4:08  Assimilator  
  41  4:10  Pylon  
  41  4:16  Templar Archives  
  45  4:24  Charge  
  45  4:26  Void Ray  
  45  4:29  Probe x2  
  47  4:41  Probe x2  
  49  4:53  Probe x2, Psionic Storm  
  51  5:05  Probe x2  
  53  5:10  Gateway  
  53  5:11  Gateway  
  53  5:15  Pylon  
  53  5:17  Probe x2  
  53  5:19  Pylon  
  55  5:22  Pylon  
  55  5:29  Protoss Ground Weapons Level 1  
  55  5:30  Gateway  
  55  5:36  Gateway  
  55  5:39  Gateway  
  55  5:44  Gateway  
  55  5:57  Void Ray  
  59  6:07  High Templar x2  
  63  6:19  Zealot  
  63  6:40  Zealot x4  
  63  6:41  Zealot  
  63  6:42  Zealot x2  
  77  7:00  Nexus  
  77  7:03  Pylon  
  77  7:06  Pylon  
  77  7:10  High Templar, Pylon  
  77  7:11  High Templar x3  
  77  7:13  Assimilator  
  85  7:17  Assimilator  
  85  7:20  Archon x2  
  85  7:31  Protoss Ground Armor Level 1, Gateway x2  
  85  7:34  Gateway  
  85  7:38  Photon Cannon  
  85  7:39  Gateway  
  85  7:43  Shield Battery  
  85  7:46  Shield Battery  
  85  7:49  Photon Cannon  
  85  7:51  Photon Cannon  
  85  7:55  Photon Cannon  
  85  7:57  Shield Battery  
  85  8:08  Shield Battery  
  85  8:10  Shield Battery  
  85  8:12  Pylon  
  85  8:20  Photon Cannon  
  85  8:22  High Templar x3  
  85  8:23  High Templar x3  
  97  8:27  Zealot  
  97  8:30  Archon x2  
  97  8:31  Archon  
  103  8:45  Void Ray  
  103  8:55  Probe (Chrono Boost)  
  106  8:56  Probe (Chrono Boost)  
  106  8:57  Probe (Chrono Boost)  
  106  9:06  Probe x2 (Chrono Boost)  
  106  9:07  Probe (Chrono Boost)  
  109  9:10  Probe (Chrono Boost), Dark Shrine  
  109  9:11  Probe x2 (Chrono Boost)  
  109  9:15  Photon Cannon  
  112  9:18  Photon Cannon  
  112  9:20  Gateway  
  112  9:21  Probe x3  
  115  9:24  Gateway  
  115  9:32  Protoss Ground Weapons Level 2  
  115  9:41  High Templar x3  
  121  9:46  Zealot x2  
  121  9:47  Zealot x4  
  133  9:56  Archon  
  133  10:06  Robotics Facility  
  133  10:11  Pylon  
  133  10:15  Pylon  
  133  10:17  Pylon  
  133  10:29  Shadow Stride  
  133  10:30  Nexus  
  133  10:34  Dark Templar x3  
  139  10:46  Probe  
  140  10:57  Pylon  
  140  10:58  Probe  
  140  11:00  Pylon  
  140  11:02  Pylon  
  141  11:05  Observer, Assimilator  
  141  11:07  Assimilator  
  142  11:20  Fleet Beacon  
  142  11:21  Robotics Bay  
  142  11:24  Pylon  
  142  11:27  Observer  
  142  11:29  Blink, Pylon x2  
  143  11:45  Protoss Air Weapons Level 1  
  143  11:53  Gateway  
  143  11:56  Gateway  
  143  11:57  Gateway  
  143  11:59  Gateway  
  143  12:01  Photon Cannon  
  143  12:02  Photon Cannon  
  143  12:07  Photon Cannon  
  143  12:12  Shield Battery  
  143  12:13  Shield Battery  
  143  12:17  Shield Battery  
  143  12:21  Photon Cannon  
  143  12:22  Photon Cannon  
  143  12:29  Probe x4  
  147  12:41  Probe x4  
  151  13:04  Colossus  
  157  13:09  Carrier  
  163  13:14  Flux Vanes  
  163  13:15  Extended Thermal Lance  
  163  13:54  Protoss Air Armor Level 1  
  163  14:02  High Templar x3  
  167  14:03  High Templar x4  
  167  14:04  High Templar x3  
  167  14:05  High Templar  
  185  14:13  Carrier  
  131  14:38  High Templar x4  
  128  14:39  High Templar  
  128  14:43  Zealot  
  128  14:44  Zealot x5  
  128  14:45  Zealot x2  
  150  14:48  Archon x2  
  150  14:52  Archon  
  150  14:56  Gravitic Boosters  
  150  15:17  Carrier  
  155  15:36  Gateway x2  
  155  15:38  Gateway  
  155  15:42  Photon Cannon x2  
  155  15:43  Photon Cannon  
  155  15:46  Photon Cannon  
  155  15:48  Shield Battery  
  155  15:49  Shield Battery  
  155  15:53  Shield Battery  
  155  15:58  Observer  
  155  16:03  Gravitic Drive  
  156  16:13  Dark Templar x3  
  156  16:14  Dark Templar x2  
  156  16:17  Zealot  
  156  16:18  Zealot x2  
  170  16:19  Colossus, Zealot  
  170  16:20  Zealot x4  
  170  16:22  Carrier  
  116  17:08  Zealot x4  
  118  17:09  Zealot x6  
  118  17:10  Zealot x4  
  118  17:11  Zealot x2  
  120  17:46  Unknown  
  82  18:16  Dark Templar x3  
  82  18:17  Dark Templar  
  82  18:18  Dark Templar x2  
  82  18:19  Dark Templar  
  94  18:21  Zealot  
  94  18:22  Zealot x6  
  94  18:23  Zealot x2  
  110  18:33  Observer  
  109  18:55  Observer, Zealot x2  
  104  18:56  Zealot x5  
  104  18:57  Zealot x5  
  104  18:58  Zealot x2  
  104  18:59  Zealot x2  
  122  19:16  Photon Cannon  
  122  19:19  Photon Cannon x2  
  122  19:21  Stalker x6  
  122  19:22  Stalker x5  
  122  19:23  Stalker x2  
  148  19:25  Stalker  
  148  19:27  Stalker  
  152  20:18  Assimilator  
  152  20:19  Pylon  
  152  20:24  Pylon  
  152  20:36  Robotics Facility  
  152  21:10  High Templar  
  152  21:11  High Templar x6  
  158  21:12  High Templar x6  
  158  21:13  High Templar x3  
  158  21:17  Archon x3  
  158  21:18  Archon x2  
  184  21:19  Archon  
  184  21:27  Nexus  
  184  21:42  Nexus  
  184  21:50  Pylon  
  184  21:58  Photon Cannon  
  184  22:00  Photon Cannon  
  184  22:03  Photon Cannon  
  184  22:08  Photon Cannon  
  184  22:11  Photon Cannon  
  184  22:16  Pylon  
  184  22:17  Shield Battery  
  184  22:43  Colossus  
  194  22:51  Void Ray  
  194  23:04  Assimilator  
  194  23:12  Photon Cannon  
  198  23:34  Void Ray  
  198  23:54  Protoss Ground Weapons Level 3  
  198  25:09  Nexus  
  198  25:12  Pylon  
  198  25:14  Pylon  
  198  25:17  Assimilator  
  198  25:18  Photon Cannon  
  198  25:21  Photon Cannon  
  198  25:28  Photon Cannon  
  198  25:39  Nexus  
  198  25:42  Assimilator  
  198  25:46  Assimilator  
  198  25:51  Pylon  
  198  25:53  Pylon  
  198  25:56  Pylon  
  75  26:50  Stalker x4  
  75  26:51  Stalker x4  
  75  26:52  Stalker x2  
  75  26:53  Stalker x2  
  75  26:54  Stalker x4  
  99  27:06  Archon x2  
  96  27:16  Zealot x3  
  96  27:17  Zealot x5  
  96  27:18  Zealot x3  
  96  27:19  Zealot x3  
  96  27:20  Zealot x2  
Tags
 
Composition
Zealot Archon
League
Silver
Matchup
PvZ
Opening
Pool First
Spawn Locations
Cross Positions
Add a new tag
Caveats
  • Supply blocks, unpowered buildings, or Contaminate may cause inaccurate times.
  • Supply counts are checked every 10 seconds.